[Event "28th Bosnjaci Open 2024"]
[Site "Bosnjaci"]
[Date "2024.01.06"]
[Round "5.2"]
[White "Saric, Ante"]
[Black "Zovko, Mario"]
[Result "1-0"]
[ECO "D30"]
[WhiteElo "2508"]
[BlackElo "2268"]
[Annotator "TA"]
[PlyCount "179"]
[EventDate "2024.01.02"]
[EventType "swiss"]
[EventCountry "CRO"]
[SourceTitle "playchess.com"]
[Source "ChessBase"]
[SourceQuality "1"]
[TimeControl "5400+30"]

1. d4 d5 2. Nf3 c5 3. c4 e6 4. cxd5 exd5 5. g3 Nf6 6. Bg2 Be7 7. O-O O-O 8. dxc5 Bxc5 9. Qc2 {[%emt 0:00:04] 9.a3 is a critical line.} Bb6 10. Nc3 Nc6 11. Bg5 {[%emt 0:00:50] D30: Queen's Gambit Declined: Systems without Nc3.} d4 12. Ne4 Bf5 13. Nh4 {[%emt 0:00:14] White has an edge.} Bxe4 14. Bxe4 h6 15. Bxf6 Qxf6 16. a3 Rfe8 17. Nf3 {[%emt 0:04:46] [#]} Rad8 $146 ({Predecessor:} 17... Re7 18. Rac1 Rae8 19. Bd3 g6 20. b4 Kg7 21. Qc4 h5 22. Qd5 Rd8 23. Qg5 Qxg5 24. Nxg5 {1-0 Andreikin,D (2728)-Shipov,S (2541) Titled Tuesday intern op 21st Sept blitz 2021 (6)}) 18. Kg2 Re6 19. Rac1 Rde8 20. Bh7+ Kh8 {[%emt 0:00:13] ...g6 would be deadly.} 21. Bd3 Ne5 22. Nxe5 Rxe5 23. Qb3 g6 24. Rc2 Kg7 25. Rfc1 Qe6 (25... Rh5 {feels hotter.} 26. h4 Ree5 27. Rg1 Qd8) 26. Qxe6 R5xe6 27. b4 a5 28. Rc4 Rd8 29. g4 Rdd6 30. Rb1 Re7 31. a4 Rdd7 32. h4 Rc7 33. bxa5 Rxc4 34. Bxc4 Bxa5 $16 {[%emt 0:00:06][%mdl 4096] Endgame KRB-KRB} 35. Rb5 b6 36. Rd5 Bc3 37. Rd6 Ra7 38. Bb5 Rb7 39. h5 gxh5 $1 40. gxh5 Re7 (40... Rc7 $1 $14) 41. f4 Re6 42. Rd7 Rf6 43. Kf3 Bb2 44. Bc4 Bc3 45. Ke4 Bd2 46. f5 (46. Rxd4 $6 Rxf4+ 47. Ke5 Rxd4 48. Kxd4 Kf6 $11) 46... Be3 47. Ke5 Bf2 48. Bd5 Bg3+ 49. Ke4 $1 Bf2 50. Rc7 Bg1 51. Rc1 {[%emt 0:02:12] White is much more active.} Be3 52. Rf1 Kf8 53. Ke5 Ke7 54. Rf3 Bg1 55. Ke4 Kd6 56. Rb3 Ke7 57. Rg3 Bf2 58. Rg8 Rd6 59. Rg7 Rf6 60. Ke5 Be1 61. Bc4 (61. Kxd4 $6 Kf8 62. Rg4 Rxf5 $11) 61... Bc3 62. Ke4 Bb2 63. Rg1 Bc3 64. Bd5 Rd6 65. Rc1 Kf6 66. Rb1 Ke7 67. Rb3 Ba1 68. Rb5 Kf6 (68... Bc3 $11) 69. a5 bxa5 70. Rxa5 Bc3 71. Ra7 Rb6 $2 (71... Kg5 $14) 72. Rxf7+ $18 (72. Bxf7 $6 d3 73. Kxd3 (73. exd3 Rb1 $16) 73... Be5) 72... Kg5 73. Rg7+ $1 Kxh5 (73... Kh4 {is a better defense.} 74. Rg2 (74. Rg6 Rb2 $18) 74... Bb2) 74. Kf4 Rb1 $2 (74... Rb5 {was necessary.}) 75. Bf3+ Kh4 76. Rg2 (76. Rg4+ $142 Kh3 77. f6 Bd2+ 78. Ke4) 76... Bd2+ 77. Ke4 (77. Ke5 $1 $18) 77... Be3 $2 (77... Bg5 $14) 78. f6 Rb8 79. Kf5 Bg5 80. f7 Be7 81. Rh2+ $2 (81. Rg8 Rb6 82. f8=Q Bxf8 83. Rxf8) 81... Kg3 82. Rg2+ $2 ({Don't play} 82. Rxh6 $6 d3 $14) ({White should try} 82. Rh1 $1 $18) 82... Kh3 $2 (82... Kh4 $1 $11 {and Black has nothing to worry.} 83. Rg8 Rb6) 83. Rg6 Bf8 84. Re6 {[%emt 0:00:14] And now Re8 would win.} Rb5+ 85. Kf6 Rg5 $2 {[%emt 0:00:24] [#]} (85... Ba3 86. Re4 Rd5) 86. Re8 $1 Bg7+ 87. Ke6 {[%emt 0:00:37] Threatening mate with Rg8.} Re5+ (87... Rg6+ $142 88. Ke7 Ra6) 88. Kd6 {[%emt 0:00:20] White is clearly winning.} Rf5 {[%emt 0:00:06] [#]} 89. Bd5 $1 {[%emt 0:00:17] Be6 would kill now.} Rf2 90. Rg8 {[%emt 0:00:23] Weighted Error Value: White=0.03 (flawless) /Black=0.05 (flawless)} (90. Be6+ $142 Kh2 91. Rg8) 1-0

[Event "28th Bosnjaci Open 2024"]
[Site "Bosnjaci"]
[Date "2024.01.06"]
[Round "5.3"]
[White "Cvitan, Ena"]
[Black "Zaja, Ivan"]
[Result "0-1"]
[ECO "E45"]
[WhiteElo "2242"]
[BlackElo "2419"]
[Annotator "RC"]
[PlyCount "52"]
[EventDate "2024.01.02"]
[EventType "swiss"]
[EventCountry "CRO"]
[SourceTitle "playchess.com"]
[Source "ChessBase"]
[SourceQuality "1"]
[TimeControl "5400+30"]

1. d4 Nf6 2. c4 e6 3. Nc3 Bb4 4. e3 b6 5. Nge2 Ba6 6. Ng3 h5 7. Bd3 Bb7 8. Rg1 c5 9. Bd2 cxd4 10. exd4 Nc6 11. a3 Be7 12. d5 Ne5 13. Qe2 Qc7 14. Rc1 Nxd3+ 15. Qxd3 Ba6 16. Nce4 exd5 17. Nxf6+ Bxf6 18. Qxd5 Bb7 19. Qf5 O-O 20. Nxh5 Bxb2 21. Rc3 Rfe8+ 22. Kd1 Bxc3 23. Bxc3 Qxc4 24. Nf6+ gxf6 25. Qxf6 Qd3+ 26. Kc1 Qxc3+ 0-1

[Event "28th Bosnjaci Open 2024"]
[Site "Bosnjaci"]
[Date "2024.01.06"]
[Round "5.4"]
[White "Fercec, Nenad"]
[Black "Sajin, Mirko"]
[Result "1/2-1/2"]
[ECO "B36"]
[WhiteElo "2410"]
[BlackElo "2299"]
[Annotator "RC"]
[PlyCount "54"]
[EventDate "2024.01.02"]
[EventType "swiss"]
[EventCountry "CRO"]
[SourceTitle "playchess.com"]
[Source "ChessBase"]
[SourceQuality "1"]
[TimeControl "5400+30"]

1. e4 c5 2. Nf3 g6 3. d4 cxd4 4. Nxd4 Nc6 5. c4 Nf6 6. Nc3 d6 7. Be2 Nxd4 8. Qxd4 Bg7 9. Be3 O-O 10. Qd2 a5 11. O-O a4 12. f4 Be6 13. Bd4 Qa5 14. Qe3 Rfc8 15. Nd5 Bxd5 16. exd5 Qd8 17. f5 Nd7 18. fxg6 hxg6 19. Bxg7 Kxg7 20. Qd4+ Ne5 21. b4 axb3 22. axb3 Rxa1 23. Rxa1 Ra8 24. Rxa8 Qxa8 25. c5 Qa2 26. Bd1 f6 27. cxd6 exd6 1/2-1/2

[Event "28th Bosnjaci Open 2024"]
[Site "Bosnjaci"]
[Date "2024.01.06"]
[Round "5.5"]
[White "Culum, Sanjin"]
[Black "Pavic, Filip"]
[Result "1-0"]
[ECO "B12"]
[WhiteElo "2349"]
[BlackElo "2261"]
[Annotator "RC"]
[PlyCount "53"]
[EventDate "2024.01.02"]
[EventType "swiss"]
[EventCountry "CRO"]
[SourceTitle "playchess.com"]
[Source "ChessBase"]
[SourceQuality "1"]
[TimeControl "5400+30"]

1. e4 c6 2. d4 d5 3. e5 Bf5 4. h4 h6 5. g4 Be4 6. f3 Bh7 7. e6 Qd6 8. exf7+ Kxf7 9. f4 Nf6 10. Nf3 Nxg4 11. Bh3 Nf6 12. Ne5+ Ke8 13. Nc3 e6 14. Qe2 Be7 15. Be3 Bf5 16. Qg2 Kf8 17. Bxf5 exf5 18. Qg6 Qe6 19. Ne2 Bd6 20. Ng3 Bxe5 21. dxe5 Qe8 22. Qxf5 Nbd7 23. O-O-O Kg8 24. Rhg1 Nf8 25. Bd4 N6d7 26. Nh5 Ne6 27. Rg6 1-0

[Event "28th Bosnjaci Open 2024"]
[Site "Bosnjaci"]
[Date "2024.01.06"]
[Round "5.6"]
[White "Hadzovic, Amir"]
[Black "Milovic, Jovan"]
[Result "1/2-1/2"]
[ECO "B01"]
[WhiteElo "2307"]
[BlackElo "2223"]
[Annotator "RC"]
[PlyCount "96"]
[EventDate "2024.01.02"]
[EventType "swiss"]
[EventCountry "CRO"]
[SourceTitle "playchess.com"]
[Source "ChessBase"]
[SourceQuality "1"]
[TimeControl "5400+30"]

1. e4 d5 2. exd5 Nf6 3. d4 Bg4 4. Be2 Bxe2 5. Nxe2 Qxd5 6. O-O e6 7. Nf4 Qf5 8. c4 Bd6 9. Qd3 Bxf4 10. Qxf5 Bxh2+ 11. Kxh2 exf5 12. Nc3 O-O 13. Nb5 Na6 14. Bf4 Rad8 15. Rad1 c6 16. Nc3 Nh5 17. Bg5 f6 18. Bc1 Rd7 19. d5 c5 20. Rfe1 Kf7 21. Nb5 b6 22. Re3 Nb4 23. Rh3 g6 24. Bd2 Re8 25. Bxb4 cxb4 26. Nd4 f4 27. a3 bxa3 28. Rxa3 Re4 29. Rc3 f5 30. Nc6 Nf6 31. Kg1 g5 32. Kf1 Ng4 33. b4 Kf6 34. d6 Re8 35. c5 a5 36. Nxa5 bxa5 37. c6 axb4 38. cxd7 Rd8 39. Rc4 Rxd7 40. Rxb4 Ne5 41. Rb5 Nf7 42. Rb6 h5 43. Rd2 h4 44. f3 Ne5 45. Rd4 h3 46. Kg1 Ke6 47. Ra6 hxg2 48. Kxg2 Nf7 1/2-1/2

[Event "28th Bosnjaci Open 2024"]
[Site "Bosnjaci"]
[Date "2024.01.06"]
[Round "5.7"]
[White "Rosic, Slavko S"]
[Black "Kovacevic, Blazimir"]
[Result "0-1"]
[ECO "C11"]
[WhiteElo "2231"]
[BlackElo "2381"]
[Annotator "RC"]
[PlyCount "122"]
[EventDate "2024.01.02"]
[EventType "swiss"]
[EventCountry "CRO"]
[SourceTitle "playchess.com"]
[Source "ChessBase"]
[SourceQuality "1"]
[TimeControl "5400+30"]

1. e4 e6 2. d4 d5 3. Nc3 Nf6 4. e5 Nfd7 5. Nf3 c5 6. Bb5 Nc6 7. dxc5 Nxc5 8. O-O Be7 9. Qd4 O-O 10. Qg4 f5 11. exf6 Bxf6 12. Bxc6 bxc6 13. Bg5 e5 14. Bxf6 Qxf6 15. Qb4 Nd7 16. Qa5 Nb6 17. Nd2 Qg6 18. Ne2 Qxc2 19. Rac1 Qg6 20. Rc3 Bd7 21. Rg3 Qh6 22. Qc3 d4 23. Qa5 Rf5 24. Rh3 Qd6 25. Ng3 Rf7 26. Rh5 Re7 27. Nde4 Qd5 28. Qd2 Rf8 29. b3 Be8 30. Rf5 Bg6 31. Rxf8+ Kxf8 32. f3 c5 33. Rc1 Rc7 34. Qg5 Nc8 35. h4 Ne7 36. h5 h6 37. Qd2 Bxe4 38. fxe4 Qe6 39. Qa5 Qd6 40. Qb5 Kg8 41. Qc4+ Kh7 42. b4 d3 43. Nf1 d2 44. Rd1 cxb4 45. Qe2 Nc6 46. Rxd2 Nd4 47. Qf2 Rc1 48. Kh2 Qe7 49. Rd3 Qg5 50. Qf7 Rc3 51. Rh3 Rxh3+ 52. Kxh3 Ne2 53. g3 Qf6 54. Qxf6 gxf6 55. Ne3 Nc3 56. Kg4 Nxa2 57. Kf5 Kg7 58. g4 Nc3 59. g5 hxg5 60. Nd5 Nxd5 61. exd5 b3 0-1

[Event "28th Bosnjaci Open 2024"]
[Site "Bosnjaci"]
[Date "2024.01.06"]
[Round "5.8"]
[White "Sipic, Hrvoje"]
[Black "Zufic, Miroslav"]
[Result "0-1"]
[ECO "B51"]
[WhiteElo "2185"]
[BlackElo "2354"]
[Annotator "RC"]
[PlyCount "96"]
[EventDate "2024.01.02"]
[EventType "swiss"]
[EventCountry "CRO"]
[SourceTitle "playchess.com"]
[Source "ChessBase"]
[SourceQuality "1"]
[TimeControl "5400+30"]

1. e4 c5 2. Nf3 d6 3. Bb5+ Nd7 4. O-O Ngf6 5. Re1 a6 6. Bf1 b6 7. d4 cxd4 8. Nxd4 Bb7 9. Nc3 e6 10. Bg5 Be7 11. a4 O-O 12. Qd2 Rc8 13. Qe3 Re8 14. Qh3 Rc5 15. f4 h6 16. Bh4 g5 17. Bf2 gxf4 18. Nxe6 fxe6 19. Bxc5 Nxc5 20. Qxh6 Bf8 21. Qxf4 Bg7 22. Rad1 d5 23. b4 Ncd7 24. exd5 exd5 25. Bd3 Qc8 26. Ne2 Ne4 27. Rf1 Ne5 28. Ng3 Qg4 29. Bxe4 dxe4 30. Qxg4 Nxg4 31. Rd7 Bc6 32. Rc7 Bxa4 33. Nf5 Be5 34. Ne7+ Kh7 35. Rf7+ Kh6 36. Nf5+ Kh5 37. Rh7+ Kg5 38. Rcf7 e3 39. h4+ Kg6 40. Ne7+ Rxe7 41. Rxe7 Bf6 42. h5+ Kf5 43. Rhf7 Kg5 44. Re6 Bxc2 45. h6 Bd4 46. h7 Bxh7 47. Rxh7 e2+ 48. Kh1 Ne5 0-1

[Event "28th Bosnjaci Open 2024"]
[Site "Bosnjaci"]
[Date "2024.01.06"]
[Round "5.9"]
[White "Damjanovic, Stjepan"]
[Black "Biti, Ozren"]
[Result "1-0"]
[ECO "C45"]
[WhiteElo "2149"]
[BlackElo "2308"]
[Annotator "RC"]
[PlyCount "65"]
[EventDate "2024.01.02"]
[EventType "swiss"]
[EventCountry "CRO"]
[SourceTitle "playchess.com"]
[Source "ChessBase"]
[SourceQuality "1"]
[TimeControl "5400+30"]

1. e4 e5 2. Nf3 Nc6 3. d4 exd4 4. Nxd4 Nf6 5. Nxc6 bxc6 6. Bd3 d6 7. O-O g6 8. h3 Bg7 9. Nc3 O-O 10. Bd2 Re8 11. f4 Nd7 12. Qf3 Rb8 13. Rab1 Bb7 14. b3 c5 15. Rbe1 Nb6 16. f5 Nd7 17. Qg3 Be5 18. Qg4 Bd4+ 19. Kh1 Kh8 20. fxg6 fxg6 21. Bg5 Qc8 22. Nb5 Ne5 23. Qh4 Qd7 24. Nxd4 cxd4 25. Bf6+ Kg8 26. Bxe5 Rxe5 27. Bc4+ d5 28. exd5 Qd6 29. Rxe5 Qxe5 30. d6+ Kh8 31. Rf7 h5 32. d7 Qd6 33. Qg5 1-0

[Event "28th Bosnjaci Open 2024"]
[Site "Bosnjaci"]
[Date "2024.01.06"]
[Round "5.10"]
[White "Alimpic, Aleksa"]
[Black "Berke, Ana"]
[Result "1-0"]
[ECO "D37"]
[WhiteElo "2282"]
[BlackElo "2092"]
[Annotator "RC"]
[PlyCount "183"]
[EventDate "2024.01.02"]
[EventType "swiss"]
[EventCountry "CRO"]
[SourceTitle "playchess.com"]
[Source "ChessBase"]
[SourceQuality "1"]
[TimeControl "5400+30"]

1. d4 d5 2. c4 e6 3. Nf3 Nf6 4. Nc3 Be7 5. Bf4 O-O 6. a3 c5 7. dxc5 Bxc5 8. e3 Nc6 9. cxd5 exd5 10. Be2 a6 11. O-O d4 12. exd4 Nxd4 13. Nxd4 Bxd4 14. Qb3 b5 15. Rad1 Qb6 16. Nd5 Nxd5 17. Qxd5 Bxb2 18. Qxa8 Bb7 19. Be3 Qc6 20. Bf3 Rxa8 21. Bxc6 Bxc6 22. Rd6 Be4 23. Rfd1 h6 24. Rd8+ Rxd8 25. Rxd8+ Kh7 26. Bc5 a5 27. f3 Bf5 28. Rb8 Bd3 29. Kf2 Bc1 30. h4 h5 31. Ra8 a4 32. g4 hxg4 33. fxg4 Bc4 34. Bb4 Bb2 35. Ke3 Bf6 36. g5 Bb2 37. Ra6 Be6 38. Rb6 Bc4 39. Be7 Bc3 40. h5 Bb2 41. Kf4 Bc1+ 42. Kf3 Bd5+ 43. Kg3 Bc4 44. h6 Bb2 45. Kf4 Bc1+ 46. Ke4 Bb2 47. Bc5 Bc3 48. Bf8 gxh6 49. Rxh6+ Kg8 50. Be7 Kg7 51. Rd6 Bb2 52. Rd2 Ba1 53. Rh2 Bc3 54. Rh3 Bb2 55. Bb4 Kg6 56. Be7 Kg7 57. Rh6 Bc3 58. Rh2 Kg6 59. Rf2 Bg7 60. Bf6 Bb3 61. Ke5 Be6 62. Rd2 Bc4 63. Rd8 Bxf6+ 64. gxf6 Kg5 65. Rg8+ Kh4 66. Kf5 Be6+ 67. Kf4 Kh3 68. Rg5 Bc4 69. Rg4 Be6 70. Rg3+ Kh4 71. Rg1 Kh3 72. Re1 Bc4 73. Rb1 Kg2 74. Rb2+ Kh3 75. Rc2 Be6 76. Re2 Bc4 77. Rd2 Be6 78. Rd8 Kg2 79. Rd3 Bc4 80. Rc3 Be6 81. Re3 Bc4 82. Ke4 Kf2 83. Kd4 Ba2 84. Rc3 Ke1 85. Rc2 Bb3 86. Rb2 Bc4 87. Kc5 Kd1 88. Rxb5 Bb3 89. Kb4 Kc2 90. Rc5+ Kd3 91. Rc3+ Kd4 92. Rxb3 1-0

[Event "28th Bosnjaci Open 2024"]
[Site "Bosnjaci"]
[Date "2024.01.06"]
[Round "5.11"]
[White "Cupic, Lovro"]
[Black "Kejzar, Petra"]
[Result "1-0"]
[ECO "B81"]
[WhiteElo "2265"]
[BlackElo "2025"]
[Annotator "RC"]
[PlyCount "63"]
[EventDate "2024.01.02"]
[EventType "swiss"]
[EventCountry "CRO"]
[SourceTitle "playchess.com"]
[Source "ChessBase"]
[SourceQuality "1"]
[TimeControl "5400+30"]

1. e4 c5 2. Nf3 e6 3. d4 cxd4 4. Nxd4 Nf6 5. Nc3 d6 6. g4 h6 7. h4 Nc6 8. g5 hxg5 9. Bxg5 Bd7 10. Ndb5 Qb8 11. a4 a6 12. Na3 b6 13. Bg2 Qc7 14. Qe2 Bc8 15. O-O-O Bb7 16. Nc4 Ne5 17. Ne3 Rc8 18. Rd4 Nfd7 19. Rhd1 f6 20. Bf4 Rxh4 21. Bg3 Rh8 22. f4 Nc6 23. R4d2 Na5 24. Qg4 Nc5 25. e5 Bxg2 26. exd6 Ncb3+ 27. cxb3 Nxb3+ 28. Kc2 Bxd6 29. Qxe6+ Be7 30. Rd7 Qc5 31. Nf5 Rc7 32. Rd8# 1-0

[Event "28th Bosnjaci Open 2024"]
[Site "Bosnjaci"]
[Date "2024.01.06"]
[Round "5.12"]
[White "Starcevic, Ante Leon"]
[Black "Pehar, Borna"]
[Result "0-1"]
[ECO "A33"]
[WhiteElo "2209"]
[BlackElo "1906"]
[Annotator "RC"]
[PlyCount "48"]
[EventDate "2024.01.02"]
[EventType "swiss"]
[EventCountry "CRO"]
[SourceTitle "playchess.com"]
[Source "ChessBase"]
[SourceQuality "1"]
[TimeControl "5400+30"]

1. Nf3 c5 2. c4 Nc6 3. d4 cxd4 4. Nxd4 Nf6 5. Nc3 e6 6. a3 Bc5 7. Nb3 Bb6 8. e4 O-O 9. Be2 d6 10. O-O a5 11. a4 Re8 12. Bf4 e5 13. Bg5 Be6 14. Nb5 h6 15. Bxf6 Qxf6 16. Qxd6 Rad8 17. Qa3 Nb4 18. Rac1 Nd3 19. c5 Nf4 20. Bf3 Qg6 21. cxb6 Rd3 22. Rc3 Rxf3 23. g3 Qxe4 24. Nd2 Rxg3+ 0-1

[Event "28th Bosnjaci Open 2024"]
[Site "Bosnjaci"]
[Date "2024.01.06"]
[Round "5.13"]
[White "Sekelja, Marko"]
[Black "Markovic, Franjo-Josip"]
[Result "0-1"]
[ECO "B12"]
[WhiteElo "2036"]
[BlackElo "2194"]
[Annotator "RC"]
[PlyCount "80"]
[EventDate "2024.01.02"]
[EventType "swiss"]
[EventCountry "CRO"]
[SourceTitle "playchess.com"]
[Source "ChessBase"]
[SourceQuality "1"]
[TimeControl "5400+30"]

1. e4 c6 2. d4 d5 3. e5 c5 4. c3 Nc6 5. Bb5 Qb6 6. Bxc6+ bxc6 7. Ne2 e6 8. O-O Ba6 9. dxc5 Bxc5 10. b4 Be7 11. Be3 Qc7 12. Bd4 Nh6 13. Nd2 Nf5 14. Re1 Bxe2 15. Rxe2 Bxb4 16. Nb3 Be7 17. g4 Nh4 18. f4 h5 19. h3 c5 20. Bf2 hxg4 21. hxg4 Qc6 22. Bxh4 Rxh4 23. Rg2 Qa4 24. Qd2 O-O-O 25. Kf2 g5 26. fxg5 Rxg4 27. Rag1 Rxg2+ 28. Rxg2 Rh8 29. Qe2 Qf4+ 30. Kg1 c4 31. Qd2 Qxd2 32. Nxd2 Rh3 33. g6 fxg6 34. Rxg6 Rd3 35. Nf1 Rxc3 36. Rxe6 Kd7 37. Ra6 Bc5+ 38. Kg2 Ra3 39. Rxa3 Bxa3 40. Kf2 Ke6 0-1

[Event "28th Bosnjaci Open 2024"]
[Site "Bosnjaci"]
[Date "2024.01.06"]
[Round "5.14"]
[White "Vucenovic, Damian"]
[Black "Kukic, Lora"]
[Result "1-0"]
[ECO "B13"]
[WhiteElo "2193"]
[BlackElo "1945"]
[Annotator "RC"]
[PlyCount "75"]
[EventDate "2024.01.02"]
[EventType "swiss"]
[EventCountry "CRO"]
[SourceTitle "playchess.com"]
[Source "ChessBase"]
[SourceQuality "1"]
[TimeControl "5400+30"]

1. e4 c6 2. d4 d5 3. exd5 cxd5 4. Bd3 Nf6 5. c3 Bg4 6. Qb3 Qc7 7. Bg5 e6 8. Nd2 Bd6 9. Ngf3 Nc6 10. O-O Nd7 11. Qc2 Bh5 12. Rfe1 h6 13. Bh4 g5 14. Bg3 Kf8 15. b4 a6 16. a4 Ne7 17. Rac1 Bxg3 18. hxg3 Rc8 19. Qb1 Qb8 20. c4 dxc4 21. Bxc4 b5 22. axb5 axb5 23. Bd3 Kg7 24. Ne4 Nd5 25. Nc5 N7f6 26. Ne5 Qd6 27. Qb2 Ng4 28. Be2 Ngf6 29. Bd3 Ng4 30. Be4 Ngf6 31. f3 Nxe4 32. fxe4 Nf6 33. Rf1 Ng4 34. Rxf7+ Bxf7 35. Nxg4 Qxg3 36. d5+ Kh7 37. Qf6 Bg6 38. Qe7+ 1-0

[Event "28th Bosnjaci Open 2024"]
[Site "Bosnjaci"]
[Date "2024.01.06"]
[Round "5.15"]
[White "Alfirevic, Duje"]
[Black "Ljikar, Zoran"]
[Result "0-1"]
[ECO "B40"]
[WhiteElo "2000"]
[BlackElo "2200"]
[Annotator "RC"]
[PlyCount "68"]
[EventDate "2024.01.02"]
[EventType "swiss"]
[EventCountry "CRO"]
[SourceTitle "playchess.com"]
[Source "ChessBase"]
[SourceQuality "1"]
[TimeControl "5400+30"]

1. e4 c5 2. Nf3 e6 3. g3 a6 4. Bg2 b5 5. O-O Bb7 6. d3 Be7 7. a4 Nf6 8. axb5 axb5 9. Rxa8 Bxa8 10. Qe2 O-O 11. c3 d6 12. Nbd2 Nbd7 13. Ne1 e5 14. f4 Qb6 15. Nef3 Re8 16. Kh1 Bf8 17. fxe5 Nxe5 18. Nxe5 dxe5 19. c4 Nd7 20. cxb5 Qxb5 21. Qf2 f6 22. Nc4 Nb6 23. Nxb6 Qxb6 24. Qc2 Qb5 25. b3 Rb8 26. Bh3 Kf7 27. Qd1 Qxb3 28. Qg4 Rd8 29. Qh5+ Kg8 30. Bf5 g6 31. Bxg6 hxg6 32. Qxg6+ Bg7 33. Bh6 Qf7 34. Rxf6 Qxf6 0-1

[Event "28th Bosnjaci Open 2024"]
[Site "Bosnjaci"]
[Date "2024.01.06"]
[Round "5.16"]
[White "Jocev, Milan"]
[Black "Ivancic, Ivan"]
[Result "1-0"]
[ECO "E04"]
[WhiteElo "2376"]
[BlackElo "2001"]
[Annotator "RC"]
[PlyCount "61"]
[EventDate "2024.01.02"]
[EventType "swiss"]
[EventCountry "CRO"]
[SourceTitle "playchess.com"]
[Source "ChessBase"]
[SourceQuality "1"]
[TimeControl "5400+30"]

1. c4 e6 2. d4 d5 3. Nf3 Nf6 4. g3 dxc4 5. Bg2 Bb4+ 6. Bd2 a5 7. O-O O-O 8. Qc2 Bxd2 9. Nbxd2 b5 10. a4 c6 11. e4 Bb7 12. e5 Nd5 13. Ne4 Na6 14. Neg5 g6 15. h4 Nab4 16. Qd2 h6 17. Ne4 Kg7 18. Nh2 h5 19. Nf3 Ba6 20. Nfg5 bxa4 21. Nd6 Qe7 22. f4 Qd7 23. f5 exf5 24. Bh3 Ne7 25. Nge4 Nbd5 26. Rxf5 Nxf5 27. Nxf5+ gxf5 28. Qg5+ Kh8 29. Qxh5+ Kg7 30. Qg5+ Kh8 31. Bxf5 1-0

[Event "28th Bosnjaci Open 2024"]
[Site "Bosnjaci"]
[Date "2024.01.06"]
[Round "5.17"]
[White "Goric, Esad"]
[Black "Maravic, Ivan"]
[Result "1-0"]
[ECO "A30"]
[WhiteElo "2196"]
[BlackElo "1991"]
[Annotator "RC"]
[PlyCount "51"]
[EventDate "2024.01.02"]
[EventType "swiss"]
[EventCountry "CRO"]
[SourceTitle "playchess.com"]
[Source "ChessBase"]
[SourceQuality "1"]
[TimeControl "5400+30"]

1. Nf3 Nf6 2. b3 g6 3. Bb2 Bg7 4. e3 O-O 5. Be2 c5 6. O-O Nc6 7. c4 b6 8. d4 cxd4 9. Nxd4 Nxd4 10. Qxd4 Ne8 11. Qd2 Bxb2 12. Qxb2 Bb7 13. Nc3 Nf6 14. Rfd1 d6 15. Rac1 Qd7 16. h3 Rfd8 17. Nb5 a6 18. Nxd6 exd6 19. Qxf6 Rac8 20. Bg4 Qc6 21. Bf3 d5 22. Qxc6 Bxc6 23. cxd5 Bb7 24. e4 Rxc1 25. Rxc1 Rd7 26. Bg4 1-0

[Event "28th Bosnjaci Open 2024"]
[Site "Bosnjaci"]
[Date "2024.01.06"]
[Round "5.18"]
[White "Vidovic, Sasa"]
[Black "Grgantov, Marin"]
[Result "0-1"]
[ECO "A03"]
[WhiteElo "2176"]
[BlackElo "1973"]
[Annotator "RC"]
[PlyCount "78"]
[EventDate "2024.01.02"]
[EventType "swiss"]
[EventCountry "CRO"]
[SourceTitle "playchess.com"]
[Source "ChessBase"]
[SourceQuality "1"]
[TimeControl "5400+30"]

1. b3 b6 2. Bb2 Bb7 3. e3 e6 4. f4 Nf6 5. Nf3 d5 6. Bb5+ c6 7. Bd3 Bd6 8. O-O Nbd7 9. Qe1 O-O 10. Qg3 g6 11. Qh3 Qe7 12. Ng5 e5 13. Nc3 Bc8 14. Qh6 Re8 15. fxe5 Bxe5 16. Na4 Nf8 17. h3 Bxb2 18. Nxb2 Qe5 19. c3 Re7 20. Rf2 Ne6 21. Nxe6 Bxe6 22. Raf1 Ne4 23. Bxe4 dxe4 24. Qh4 Rd7 25. Nc4 Bxc4 26. bxc4 Re8 27. Rf6 Re6 28. R6f4 Ree7 29. R1f2 Qe6 30. c5 Qxa2 31. cxb6 axb6 32. d4 Qb1+ 33. Kh2 Qd3 34. Qg3 Re8 35. h4 Qxc3 36. h5 Qa5 37. Rf5 Rd5 38. Rxf7 Rxh5+ 39. Kg1 Qe1+ 0-1

[Event "28th Bosnjaci Open 2024"]
[Site "Bosnjaci"]
[Date "2024.01.06"]
[Round "5.19"]
[White "Jovic, Stevan"]
[Black "Nomindalai Tumurbaatar"]
[Result "1-0"]
[ECO "E98"]
[WhiteElo "1993"]
[BlackElo "2166"]
[Annotator "RC"]
[PlyCount "123"]
[EventDate "2024.01.02"]
[EventType "swiss"]
[EventCountry "CRO"]
[SourceTitle "playchess.com"]
[Source "ChessBase"]
[SourceQuality "1"]
[TimeControl "5400+30"]

1. d4 Nf6 2. c4 g6 3. Nc3 Bg7 4. e4 d6 5. Nf3 O-O 6. Be2 e5 7. O-O Nc6 8. d5 Ne7 9. Ne1 Nd7 10. Nd3 f5 11. Bd2 fxe4 12. Nxe4 Nf6 13. Nxf6+ Bxf6 14. Bg4 Nf5 15. Bc3 Bg7 16. Re1 Qg5 17. Bd2 Qf6 18. f3 h5 19. Bh3 g5 20. Nf2 Bh6 21. Ne4 Qg6 22. Bxf5 Bxf5 23. Qc1 Bxe4 24. Rxe4 Kh7 25. h3 Rf7 26. Be3 Rg8 27. Qd2 Qf6 28. Qe2 g4 29. fxg4 Bxe3+ 30. Rxe3 hxg4 31. hxg4 Qf4 32. Rf3 Qd4+ 33. Qf2 Rf4 34. Rxf4 Qxf4 35. Qxf4 exf4 36. Kf2 Rxg4 37. b3 Kg7 38. Re1 Kf7 39. Re6 b5 40. cxb5 Rg5 41. Re4 Rxd5 42. Rxf4+ Kg6 43. a4 Rd2+ 44. Kf1 d5 45. Rf3 d4 46. g3 Kg5 47. Ke1 Rb2 48. Kd1 Kg4 49. Rd3 Kf5 50. Rxd4 Rxb3 51. g4+ Ke5 52. Kc2 Rg3 53. Rc4 Kd5 54. Rxc7 Rxg4 55. Rxa7 Kc5 56. Ra6 Rg2+ 57. Kd3 Kd5 58. Kc3 Rg4 59. Kb3 Rh4 60. Rc6 Rg4 61. Rc3 Kd6 62. b6 1-0

[Event "28th Bosnjaci Open 2024"]
[Site "Bosnjaci"]
[Date "2024.01.06"]
[Round "5.20"]
[White "Tukovic, Dario"]
[Black "Tomic, Stjepan"]
[Result "1/2-1/2"]
[ECO "E21"]
[WhiteElo "2132"]
[BlackElo "1961"]
[Annotator "NA RC"]
[PlyCount "50"]
[EventDate "2024.01.02"]
[EventType "swiss"]
[EventCountry "CRO"]
[SourceTitle "playchess.com"]
[Source "ChessBase"]
[SourceQuality "1"]
[TimeControl "5400+30"]

1. d4 Nf6 2. c4 e6 3. Nc3 Bb4 4. e3 O-O 5. Bd2 b6 6. Nf3 Bb7 7. Bd3 d6 8. Qc2 Nbd7 9. e4 e5 10. d5 Nc5 11. O-O Bc8 12. g3 Bh3 13. Rfe1 Nxd3 14. Qxd3 Bxc3 15. Qxc3 Nd7 16. Ng5 Bg4 17. h3 Bh5 18. f4 h6 19. Nf3 Bxf3 20. Qxf3 f5 21. exf5 Rxf5 22. Qe4 Rf7 23. Rf1 Qe7 24. Rae1 Raf8 25. b4 Qd8 1/2-1/2